AoeStats
← So sad

Pilgrims

508962380Analyzed
3v3 RM · 6d ago on Sep 24, 2026· 25m 38s· 6 players
Game mode
Random Map
Map size
Normal (6 player)
Population
200
Speed
Normal
Resources
Standard
Victory
Conquest
Starting age
Dark Age
Ending age
Imperial Age
RankedLock teamsTeams togetherTeam positionsShared explorationLock speedFull tech treeHidden civsTurbo modeCheats
Victory
Defeat
🇺🇦 Shu · Ukraine
1367
+15
🇧🇾 Hindustanis · Belarus
1363
+15
🇧🇾 Wei · Belarus
1356
+15
🇭🇰 Georgians · Hong Kong SAR China
1362
-16
🇸🇪 Malians · Sweden
1356
-16
🇹🇷 Aztecs · Türkiye
1293
-13
Nidhogg
1:49 Loom
12:59 Feudal Age
13:39 Double-Bit Axe
16:40 Wheelbarrow
16:34 Fishing Lines
22:37 Castle Age
23:47 Scale Mail Armor
24:07 Medium Warships
24:26 Bow Saw
Jardel
8:46 Loom
10:50 Feudal Age
12:40 Double-Bit Axe
18:38 Fletching
What's your ETA?
4:27 Loom
11:16 Feudal Age
11:57 Double-Bit Axe
18:51 Castle Age
18:00 Gold Mining
18:02 Stone Mining
19:45 Medium Warships
23:40 Horse Collar
26:12 Scale Barding Armor
So sad
3:44 Loom
12:31 Feudal Age
13:12 Town Watch
13:23 Gold Mining
13:22 Horse Collar
13:33 Double-Bit Axe
13:57 Fishing Lines
15:14 Stone Mining
18:43 Castle Age
21:09 Gold Shaft Mining
21:11 Stone Shaft Mining
20:50 Bow Saw
22:59 Bloodlines
24:29 Wheelbarrow
24:50 Husbandry
NiL
7:17 Loom
10:31 Feudal Age
11:44 Fishing Lines
17:48 Castle Age
15:47 Fletching
17:58 Crossbowman
18:38 Bodkin Arrow
24:20 Thumb Ring
HURMA
8:32 Loom
10:26 Feudal Age
11:08 Town Watch
11:58 Wheelbarrow
11:09 Double-Bit Axe
11:07 Fishing Lines
16:18 Castle Age
14:28 Scale Mail Armor
15:26 Scale Barding Armor
15:32 Forging
15:47 Fletching
16:13 Forging
16:53 Bodkin Arrow
17:17 Medium Warships
17:05 Gillnets
16:41 Demolition Ship
17:34 Gold Mining
20:46 Hand Cart
22:15 Chain Barding Armor
22:21 Bloodlines
24:17 Husbandry
25:00 Iron Casting
26:05 Bow Saw
Connection lost

Rejoining the realm…

Still unreachable

The connection could not be restored.

Session expired

The server has moved on; the page needs a fresh start.